 Dungeon Crawl Stone Soup version 0.17.0-22-g5edae84 (console) character file.

2781 gw the Cudgeler (level 9, -3/82 HPs)
             Began as a Naga Fighter on Nov 12, 2015.
             Was a Follower of Yredelemnul.
             Slain by a wight
             ... wielding a cursed +2 spear
              (6 damage)
             ... on level 6 of the Dungeon.
             The game lasted 00:07:39 (7037 turns).

gw the Cudgeler (Naga Fighter)                      Turns: 7037, Time: 00:07:39

Health: -3/82      AC: 17    Str: 19    XL:     9   Next: 70%
Magic:  12/12      EV: -1    Int:  8    God:    Yredelemnul [*.....]
Gold:   212        SH: 14    Dex: 14    Spells: 0 memorised, 8 levels left

rFire  . . .     SeeInvis +     a - +0 flail
rCold  . . .     Clarity  .     c - +0 plate armour
rNeg   . . .     SustAt   .     g - +0 large shield
rPois  +         Gourm    .     d - +1 helmet
rElec  .         Spirit   .     (no cloak)
rCorr  .         Warding  .     (no gloves)
rMut   +         Stasis   .     h - +0 naga barding
MR     +....                    b - amulet of resist mutation
Stlth  ..........               (no ring)
                                (no ring)

@: short of breath, drained, very slow, somewhat resistant to hostile
enchantments, extremely unstealthy
A: see invisible, deformed body, poison resistance, slowness 2, slow metabolism
1, spit poison 2, AC +3
a: Spit Poison, Animate Remains, Renounce Religion


You were on level 6 of the Dungeon.
You worshipped Yredelemnul.
Yredelemnul was aware of your devotion.
You were near starving.

You visited 1 branch of the dungeon, and saw 6 of its levels.

You collected 212 gold pieces.

Inventory:

Hand Weapons
 a - a +0 flail (weapon)
Missiles
 f - 123 stones (quivered)
Armour
 c - a +0 plate armour (worn)
 d - a +1 helmet (worn)
 g - a +0 large shield (worn)
 h - a +0 naga barding (worn)
Jewellery
 b - an amulet of resist mutation (around neck)
Comestibles
 e - 3 bread rations


   Skills:
 + Level 5.8(5.5) Fighting
 * Level 7.2(7.0) Maces & Flails
 + Level 4.5(4.3) Throwing
 + Level 4.9(4.7) Armour
 + Level 4.8(4.5) Shields
 + Level 4.1(3.9) Invocations


You had 8 spell levels left.
You didn't know any spells.

Dungeon Overview and Level Annotations

Branches:
Dungeon (6/15)             Temple (0/1) D:4

Altars:
Dithmenos
Yredelemnul

Shops:
D:4 *   D:5 *

Annotations:
D:6 Dowan


Innate Abilities, Weirdness & Mutations

You cannot wear boots.
Your serpentine skin is tough (AC +3).
You have supernaturally acute eyesight.
Armour fits poorly on your strangely shaped body.
Your system is resistant to poisons.
You cover ground very slowly.
You have a slow metabolism.
You can spit poison.


Message History

You block Dowan's attack. The orc hits you but does no damage.
Unknown command.
Unknown command.
Unknown command.
Unknown command.
Press: ? - help, Shift-Dir - straight line, f/p - Dowan
Aim: Dowan, wielding a dagger and wearing a robe (lightly wounded)
The splash of poison misses Dowan.
You feel slightly more hungry. The wight hits you but does no damage.
You block Dowan's attack. The orc hits you.
Unknown command.
Unknown command.
Unknown command.
Unknown command.
ATTACK MOVE TO (-1,-1)
You sock Dowan!
Dowan is severely wounded.
The wight hits you from afar with an enchanted spear.
You die...
Your body rises from the dead as a mindless zombie.

### .... ##..# .....#
#### #### ......#
##..###..# .......
#........#
.....ze#######........#
......oN)(............#
......#########.......##
........# ##..####.#
..####.# #.###...#
.####.### #.##....#
...#....# #.....### ..
#......# ###.###.# .#.##
#.....######.......#
.#..#
#........#.........#


You could see Dowan, a wight and an orc.

Table legend:
 A = Turns spent in this place as a percentage of turns spent in the entire game.
 B = Non-inter-level travel turns spent in this place as a percentage of non-inter-level travel turns spent in the entire game.
 C = Inter-level travel turns spent in this place as a percentage of turns spent in this place.
 D = Turns resting spent in this place as a percentage of non-inter-level travel turns spent in this place.
 E = Turns spent auto-exploring this place as a percentage of non-inter-level travel turns spent in this place.
 F = Non-inter-level travel turns spent in this place divided by the number of levels of this place that you've seen.
                   A       B       C       D       E      F
               +-------+-------+-------+-------+-------+----------------------
         Total | 100.0 | 100.0 |   0.5 |   0.9 |   2.2 | 1837.8
       Dungeon | 100.0 | 100.0 |   0.5 |   0.9 |   2.2 | 1837.8
               +-------+-------+-------+-------+-------+----------------------

Table legend:
 A = Kills in this place as a percentage of kills in entire the game.
 B = Kills by you in this place as a percentage of kills by you in the entire game.
 C = Kills by friends in this place as a percentage of kills by friends in the entire game.
 D = Other kills in this place as a percentage of other kills in the entire game.
 E = Experience gained in this place as a percentage of experience gained in the entire game.
 F = Experience gained in this place divided by the number of levels of this place that you have seen.
                   A       B       C       D       E      F
               +-------+-------+-------+-------+-------+----------------------
         Total | 100.0 | 100.0 |  -nan |  -nan | 100.0 | 662.3
       Dungeon | 100.0 | 100.0 |  -nan |  -nan | 100.0 | 662.3
               +-------+-------+-------+-------+-------+----------------------

Vanquished Creatures
  The ghost of gw the Insei, an amateur HuMo of Yredelemnul (D:4)
  Prince Ribbit (D:5)
  Sigmund (D:5)
  Eustachio (D:5)
  Edmund (D:6)
  A water moccasin (D:5)
  Duvessa (D:6)
  Purgy (D:3)
  2 phantoms
  4 ogres
  A centaur (D:6)
  An orc warrior (D:6)
  3 giant frogs (D:6)
  3 wights (D:6)
  A crimson imp (D:5)
  4 orc wizards
  An orc priest (D:3)
  2 hounds
  A quasit (D:4)
  Ijyb (D:3)
  6 worker ants
  An iguana (D:4)
  A hound skeleton (D:5)
  Robin (D:3)
  3 adders
  A shadow imp (D:6)
  An adder zombie (D:5)
  5 worms
  An adder skeleton (D:6)
  4 giant geckos
  13 orcs
  16 hobgoblins
  9 jackals
  4 quokkas
  2 ball pythons
  20 bats
  5 giant cockroaches
  2 giant gecko skeletons
  A giant gecko zombie (D:5)
  6 giant newts
  2 gnoll zombies (D:3)
  17 goblins
  2 jackal skeletons
  13 kobolds
  10 rats
178 creatures vanquished.

Notes
Turn   | Place    | Note
--------------------------------------------------------------
     0 | D:1      | gw the Naga Fighter began the quest for the Orb.
     0 | D:1      | Reached XP level 1. HP: 21/21 MP: 1/1
   216 | D:1      | Reached XP level 2. HP: 28/28 MP: 2/2
   685 | D:1      | Reached XP level 3. HP: 31/34 MP: 3/3
   686 | D:1      | Reached skill level 1 in Throwing
  1623 | D:2      | Reached XP level 4. HP: 30/42 MP: 4/4
  2863 | D:3      | Noticed Robin
  2875 | D:3      | Killed Robin
  3026 | D:3      | Reached XP level 5. HP: 49/49 MP: 5/5
  3273 | D:3      | Noticed Purgy
  3283 | D:3      | Killed Purgy
  3591 | D:3      | Reached XP level 6. HP: 57/57 MP: 6/6
  3695 | D:3      | Noticed an ogre
  3707 | D:3      | Killed an ogre
  3707 | D:3      | Reached skill level 4 in Fighting
  3894 | D:3      | Noticed Ijyb
  3914 | D:3      | Killed Ijyb
  4221 | D:3      | Found a basalt altar of Yredelemnul.
  4230 | D:3      | Became a worshipper of Yredelemnul the Dark
  4470 | D:3      | Reached XP level 7. HP: 56/64 MP: 7/7
  4716 | D:4      | Found Utuygrac's General Store.
  4798 | D:4      | Noticed gw's ghost (amateur HuMo)
  4838 | D:4      | Killed gw's ghost
  4838 | D:4      | Reached skill level 1 in Invocations
  5036 | D:4      | Reached skill level 5 in Maces & Flails
  5074 | D:4      | Reached XP level 8. HP: 54/73 MP: 9/9
  5483 | D:4      | Found a staircase to the Ecumenical Temple.
  6089 | D:5      | Entered Level 5 of the Dungeon
  6114 | D:5      | Reached skill level 5 in Fighting
  6145 | D:5      | Noticed Eustachio
  6183 | D:5      | Killed Eustachio
  6183 | D:5      | Reached skill level 6 in Maces & Flails
  6322 | D:5      | Noticed Sigmund
  6329 | D:5      | Killed Sigmund
  6348 | D:5      | Noticed Prince Ribbit
  6369 | D:5      | Killed Prince Ribbit
  6369 | D:5      | Reached XP level 9. HP: 60/81 MP: 11/11
  6471 | D:5      | Found Yleghal's General Store.
  6551 | D:5      | Found a shadowy altar of Dithmenos.
  6921 | D:6      | Noticed Duvessa
  6922 | D:6      | Noticed Dowan
  6929 | D:6      | Killed Duvessa
  6934 | D:6      | Noticed Edmund
  6935 | D:6      | Reached * piety under Yredelemnul
  6965 | D:6      | Reached skill level 7 in Maces & Flails
  6976 | D:6      | Killed Edmund
  7030 | D:6      | HP: 3/82 [wight/enchanted spear (3)]
  7036 | D:6      | HP: 2/82 [orc (2)]
  7037 | D:6      | Slain by a wight

Action                   |  1- 3 |  4- 6 |  7- 9 || total
-------------------------+-------+-------+-------++-------
Melee: Flail             |   133 |   238 |   356 ||   727
Throw: Stone             |    88 |    94 |   115 ||   297
 Abil: Spit Poison       |       |    14 |    77 ||    91
  Use: Potion            |     1 |       |       ||     1
  Eat: Chunk             |     1 |     9 |    10 ||    20

Vault maps used:
D:1:      dpeg_arrival_short_road
D:3:      lemuel_zombie_altar_yredelemnul, roderic_batcave, uniq_iyjb,
          uniq_purgy, uniq_robin
D:4:      temple_doors_d, serial_shops, nicolae_shop_waterfront,
          hangedman_abyss_or_decor_slice
D:5:      first_bread, serial_shops, shop, nicolae_dithmenos_shadow_blocks,
          uniq_prince_ribbit1, uniq_sigmund, uniq_eustachio
D:6:      okawaru_altar_gauntlet_db, uniq_duvessa, uniq_edmund
